 Dungeon Crawl Stone Soup version 0.30.1-9-gdf580d7c3d (webtiles) character file.

Game seed: 4140053326027855907

8 Chiseanne the Trooper (level 2, 24/24 HPs)
             Began as a Demonspawn Wanderer on Oct 3, 2023.
             Quit the game on level 1 of the Dungeon.
             The game lasted 00:00:47 (250 turns).

Chiseanne the Trooper (Demonspawn Wanderer)          Turns: 250, Time: 00:00:48

Health: 24/24      AC:  2    Str: 11    XL:     2   Next: 0%
Magic:  3/3        EV: 12    Int: 13    God:
Gold:   10         SH:  0    Dex: 13    Spells: 3/3 levels left

rFire   . . .        a - +3 dagger
rCold   . . .        (no shield)
rNeg    . . .        e - +0 robe
rPois   .            (no helmet)
rElec   .            (no cloak)
rCorr   .            (no gloves)
SInv    .            (no boots)
Will    .....        (no amulet)
Stlth   +            (no ring)
HPRegen 0.24/turn    (no ring)
MPRegen 0.08/turn

%: no passive effects
@: no status effects
A: claws 1
a: no special abilities


You were on level 1 of the Dungeon.
You visited 1 branch of the dungeon, and saw 1 of its levels.

You collected 10 gold pieces.

Inventory:

Hand Weapons
 a - a +3 dagger (weapon)
 c - a +0 falchion
Missiles
 b - 3 curare-tipped darts
 i - 2 stones (quivered)
Armour
 e - a +0 robe (worn)
Scrolls
 f - a scroll of identify {unknown}
 g - a scroll of teleportation {unknown}
Potions
 d - a potion of berserk rage
 h - a potion of mutation {unknown}


   Skills:
 * Level 3.2 Fighting
 - Level 1.0 Long Blades
 - Level 2.6 Throwing
 - Level 1.0 Armour
 * Level 1.5 Dodging
 - Level 1.0 Spellcasting


You had 3 spell levels left.
You didn't know any spells.
Your spell library was empty.

Dungeon Overview and Level Annotations

Branches:
Dungeon (1/15)

Altars:


Innate Abilities, Weirdness & Mutations

You have sharp fingernails.


Message History

No target in view!
No target in view!
No target in view!
No target in view!
No target in view!
No target in view!
No target in view!
No target in view!
No target in view!
No target in view!
No target in view!
No target in view!
No target in view!
No target in view!
A jackal comes into view.
Throw: 4 darts (curare)
Press: ? - help, Q - select action, (/) - cycle Shift-Dir - straight line, f - jackal
Aim: a jackal (asleep, 98% to hit)
You throw a curare-tipped dart. The curare-tipped dart hits the jackal.
The jackal is poisoned.
The jackal convulses.
You kill the jackal!
You start waiting.
Done waiting.
A jackal comes into view.
Throw: 3 stones
Press: ? - help, Q - select action, (/) - cycle Shift-Dir - straight line, f - jackal
Aim: a jackal (asleep, 98% to hit)
You throw a stone.
The stone hits the jackal but does no damage.
The jackal barks!
You start waiting.
A jackal is nearby!
You barely miss the jackal. The jackal closely misses you.
You hit the jackal.
You kill the jackal!
You have reached level 2!
Your demonic ancestry asserts itself...
Your fingernails lengthen.
Are you sure you want to abandon this character and quit the game? (Confirm with "yes".)

.####### #.#....#( ........
..######.......
.......................###
...........≈≈≈≈≈≈≈.....#.##
'#########............#.⌠.#
.........#....~........#
......##. #...........##
......# +............## .
......##...#....@...#....##.#
................###.#......#.
..............>..............
.####....##................#.
...#......#........#.....#.#
...#......#...............#..
...#.........................
.#.#...†.....#......#........
.+...........#.....##........


There were no monsters in sight!

Vanquished Creatures
  An endoplasm (D:1)
  2 jackals (D:1)
  A quokka (D:1)
  A bat (D:1)
  2 frilled lizards (D:1)
  A rat (D:1)
8 creatures vanquished.

Notes
Turn   | Place    | Note
-------+----------+-------------------------------------------
     0 | D:1      | Chiseanne the Demonspawn Wanderer began the quest for the
                  | Orb.
     0 | D:1      | Chiseanne set off with the following items: a +3 dagger, 4
                  | curare-tipped darts, a +0 falchion, a potion of berserk
                  | rage, a +0 robe.
     0 | D:1      | Reached XP level 1. HP: 18/18 MP: 2/2
   248 | D:1      | Gained mutation: You have sharp fingernails. [demonic
                  | ancestry]
   248 | D:1      | Reached XP level 2. HP: 24/24 MP: 3/3
   250 | D:1      | Quit the game

Illustrated notes

Levels and vault maps discovered:
D:1:      matt_arrival_grand_opening, layout_basic,
          kennysheep_decorative_pillar, grunt_decor_mini_mirrors, minivault_26,
          chequers_serial_rivers_micro_e

Action                     || total
---------------------------++-------
  Melee: Dagger            ||    13
  Throw: Dart              ||     1
         Stone             ||     1
   Stab: Sleeping          ||     2
 Armour: Robe              ||     1
  Dodge: Dodged            ||     3
